[Event "*** SCC Grand Prix: Titled Tuesday Blitz"]
[Site "Chess.com"]
[Date "2020.08.11"]
[Round "1"]
[White "Crazy_girl99"]
[Black "HrvojeZagreb"]
[Result "1-0"]
[WhiteElo "2507"]
[BlackElo "2116"]
[TimeControl "180+1"]
[EndTime "10:04:43 PDT"]
[Termination "Crazy_girl99 won by resignation"]

1. Nf3 f5 2. d4 e6 3. c4 Nf6 4. Nc3 Bb4 5. Bg5 O-O 6. e3 d6 7. Bd3 b6 8. O-O Bxc3 9. bxc3 Qe8 10. Re1 e5 11. Bxf6 Rxf6 12. dxe5 dxe5 13. Bxf5 Rxf5 14.
Qd5+ Kh8 15. Qxa8 Nc6 16. Rad1 h6 17. e4 Rf8 18. Rd5 Qf7 19. Qxc6 Bg4 20. Re3 Qh5 21. Rxe5 1-0

[Event "*** SCC Grand Prix: Titled Tuesday Blitz"]
[Site "Chess.com"]
[Date "2020.08.11"]
[Round "1"]
[White "Baronessa08"]
[Black "VerdeNotte"]
[Result "0-1"]
[WhiteElo "2423"]
[BlackElo "2879"]
[TimeControl "180+1"]
[EndTime "10:04:44 PDT"]
[Termination "VerdeNotte won by resignation"]

1. c4 Nf6 2. Nc3 g6 3. g3 Bg7 4. Bg2 O-O 5. e4 d6 6. Nge2 c6 7. O-O a6 8. a4 a5 9. d4 Na6 10. h3 e5 11. Be3 exd4 12. Nxd4 Re8 13. Qc2 Qe7 14. Rfe1 Nd7 15. Rad1 Nb4 16. Qb1 Nc5 17. Nc2 Nbd3 18. Re2 Nxb2 0-1

[Event "*** SCC Grand Prix: Titled Tuesday Blitz"]
[Site "Chess.com"]
[Date "2020.08.11"]
[Round "1"]
[White "econpower"]
[Black "GracefulYear"]
[Result "1-0"]
[WhiteElo "2715"]
[BlackElo "2356"]
[TimeControl "180+1"]
[EndTime "10:04:50 PDT"]
[Termination "econpower won on time"]

1. d4 Nf6 2. Nf3 e6 3. Bf4 b6 4. e3 Bb7 5. Nbd2 Be7 6. h3 O-O 7. Bd3 d6 8. O-O Nbd7 9. Bh2 c5 10. Re1 Rc8 11. a4 h6 12. a5 d5 13. axb6 axb6 14.
Ra7 Bc6 15. c3 Ra8 16. Qa1 Rxa7 17. Qxa7 Qa8 18. Ra1 Qxa7 19. Rxa7 Ra8 20. Rxa8+ Bxa8 21. Bb5 Kf8 22. Bc7 c4 23. Ne5 Nxe5 24. dxe5 Ne4 25.
Nxe4 dxe4 26. Bxc4 Ke8 27. Bb5+ Kf8 28. Bxb6 1-0

[Event "*** SCC Grand Prix: Titled Tuesday Blitz"]
[Site "Chess.com"]
[Date "2020.08.11"]
[Round "1"]
[White "GMJustin"]
[Black "ulises2013"]
[Result "0-1"]
[WhiteElo "2275"]
[BlackElo "2624"]
[TimeControl "180+1"]
[EndTime "10:04:52 PDT"]
[Termination "ulises2013 won on time"]

1. d4 g6 2. Nc3 Bg7 3. e4 c5 4. dxc5 Bxc3+ 5. bxc3 Qa5 6. Qd4 Nf6 7.
Qb4 Qc7 8. f3 Nc6 9. Qa3 b6 10.
Be3 bxc5 11. Qxc5 d6 12. Qa3 O-O 13. Bd3 Ne5 14. Bd4 Nc4 15. Qb4 Be6 16. Bxf6 Rfb8 17. Qa4 exf6 18. Ne2 Nb2 19. Qa3 Nc4 20. Qc1 Qc5 21.
Nd4 Ne5 22. O-O Qxc3 0-1

[Event "*** SCC Grand Prix: Titled Tuesday Blitz"]
[Site "Chess.com"]
[Date "2020.08.11"]
[Round "1"]
[White "MasterSonnevanck23"]
[Black "slavenok"]
[Result "0-1"]
[WhiteElo "2370"]
[BlackElo "2738"]
[TimeControl "180+1"]
[EndTime "10:04:53 PDT"]
[Termination "slavenok won by resignation"]

1. d4 d5 2. c4 e6 3. Nc3 Nf6 4. cxd5 Nxd5 5. e4 Nxc3 6. bxc3 c5 7. a3 cxd4 8. cxd4 Be7 9. Nf3 O-O 10. Bd3 b6 11. Bb2 Bb7 12. h4 h6 13. Qe2 Nc6 14.
h5 Na5 15. Rd1 Rc8 16. Rh3 Qd7 17. Rg3 f6 18. Qe3 Kh7 19. Qf4 Nc4 20. Bc1 Bxa3 21.
Qg4 Bxc1 22. Rxc1 Nb2 23. Qg6+ Kh8 24. Rxc8 Nxd3+ 25. Kd2 Rxc8 26. Kxd3 Qc7 27. Ke3 Qc1+ 28. Nd2 Qc3+ 29. Ke2 Ba6+ 0-1

[Event "*** SCC Grand Prix: Titled Tuesday Blitz"]
[Site "Chess.com"]
[Date "2020.08.11"]
[Round "1"]
[White "crossingthestreet"]
[Black "Alexander_Zubov"]
[Result "0-1"]
[WhiteElo "2406"]
[BlackElo "2828"]
[TimeControl "180+1"]
[EndTime "10:04:54 PDT"]
[Termination "Alexander_Zubov won on time"]

1. c4 Nf6 2. Nc3 d5 3. cxd5 Nxd5 4. Nf3 g6 5. h4 Nc6 6. e4 Ndb4 7. d4 Nxd4 8. Qa4+ Bd7 9. Bb5 Nbc2+ 10. Kf1 Nxa1 11. Nxd4 c6 12. Be2 c5 13. Ndb5 a6 14. Nd5 Rc8 15. Nbc7+ Rxc7 16. Nxc7+ Qxc7 17. Qc4 Bg7 18. h5 Bb5 19.
Qd5 Qd6 20. Qxd6 exd6 21. h6 Bd4 0-1

[Event "*** SCC Grand Prix: Titled Tuesday Blitz"]
[Site "Chess.com"]
[Date "2020.08.11"]
[Round "1"]
[White "FMalexhdez"]
[Black "Aemulus20"]
[Result "0-1"]
[WhiteElo "2181"]
[BlackElo "2551"]
[TimeControl "180+1"]
[EndTime "10:04:54 PDT"]
[Termination "Aemulus20 won on time"]

1. e4 c5 2. Nf3 g6 3. d4 cxd4 4. Nxd4 Bg7 5. Nc3 Nc6 6. Nb3 Nf6 7. Be2 d6 8. O-O O-O 9. Re1 a5 10. a4 Nb4 11. Bf1 Be6 12. Bg5 Rc8 13. Nd4 Bc4 14.
Ndb5 Bxf1 15. Kxf1 Rc5 16. Be3 Rc4 17. f3 Nd7 18. Qe2 Rc6 19. Bd4 Ne5 0-1

[Event "*** SCC Grand Prix: Titled Tuesday Blitz"]
[Site "Chess.com"]
[Date "2020.08.11"]
[Round "1"]
[White "Brave_spirit12"]
[Black "MYMChessAcademy"]
[Result "1-0"]
[WhiteElo "2508"]
[BlackElo "2130"]
[TimeControl "180+1"]
[EndTime "10:04:56 PDT"]
[Termination "Brave_spirit12 won by checkmate"]

1. e4 c5 2. c3 e6 3. d4 d5 4.
exd5 exd5 5. Nf3 Nc6 6. Bb5 Bd7 7. O-O a6 8. Re1+ Be7 9. Bxc6 Bxc6 10. Qe2 Nf6 11.
Bg5 Ne4 12. Bxe7 Qxe7 13. Nfd2 O-O 14. f3 cxd4 15. fxe4 dxc3 16. Nxc3 d4 17. Nd5 Bxd5 18. exd5 Qc5 19. Qc4 Qb6 20. Nb3 d3+ 21. Qc5 Qg6 22. Rad1 Rfe8 23. Rxe8+ Rxe8 24. Qc4 Qf6 25. Qxd3 h6 26. d6 Rd8 27. d7 Qb6+ 28. Qd4 Qg6 29. Nc5 Qc6 30. Qd5 Qb6 31. b4 a5 32. Kh1 axb4 33.
Nxb7 Kf8 34. Nxd8 Qxd8 35. Qd6+ Kg8 36. Qb8 Qxb8 37. d8=Q+ Qxd8 38. Rxd8+ Kh7 39. Rb8 g5 40. Rxb4 Kg6 41. a4 f5 42. a5 f4 43. a6 g4 44. a7 f3 45. Rxg4+ Kf5 46. gxf3 h5 47. Ra4 Kg5 48. a8=Q Kg6 49. Qd5 Kf6 50. Ra6+ Ke7 51. Qb7+ Kf8 52. Ra8# 1-0

[Event "*** SCC Grand Prix: Titled Tuesday Blitz"]
[Site "Chess.com"]
[Date "2020.08.11"]
[Round "1"]
[White "Superfelix"]
[Black "emiliocordova"]
[Result "0-1"]
[WhiteElo "2407"]
[BlackElo "2830"]
[TimeControl "180+1"]
[EndTime "10:04:59 PDT"]
[Termination "emiliocordova won by resignation"]

1. e4 c5 2. Nf3 Nc6 3. g3 g6 4.
Bg2 Bg7 5. O-O d6 6. Re1 Nf6 7. c3 O-O 8. d4 cxd4 9. cxd4 Bg4 10. Nc3 Nd7 11. Be3 Rc8 12. h3 Bxf3 13. Bxf3 Na5 14.
Bg2 Nc4 15. Bc1 b5 16. b3 b4 17. Nd5 Ncb6 18. Nxb4 a5 19. Nd5 Nxd5 20. exd5 Re8 21.
Bg5 Qb6 22. Be3 Rc3 23. Qd2 Rec8 24. Rac1 Rxc1 25. Rxc1 Rxc1+ 26. Qxc1 Bxd4 27. Bxd4 Qxd4 28. Qc7 Ne5 29. Qxe7 Nd3 30. Qxd6 Qxf2+ 31. Kh2 Ne1 32. Qb8+ Kg7 33. Qe5+ Kf8 34. Qe4 f5 0-1

[Event "*** SCC Grand Prix: Titled Tuesday Blitz"]
[Site "Chess.com"]
[Date "2020.08.11"]
[Round "1"]
[White "bratkoo"]
[Black "TimKett"]
[Result "1-0"]
[WhiteElo "2565"]
[BlackElo "2203"]
[TimeControl "180+1"]
[EndTime "10:05:00 PDT"]
[Termination "bratkoo won by resignation"]

1. e4 e5 2. Nf3 Nc6 3. Bc4 Nf6 4. d3 Bc5 5. O-O d6 6. Re1 a6 7. c3 Ba7 8. Bb3 O-O 9. Nbd2 Kh8 10. Nf1 Ne8 11.
Ng3 g6 12. d4 Ng7 13. Bg5 f6 14. Bh6 Qe7 15. h3 Nd8 16. Qd2 Nf7 17. Be3 Be6 18. Bc2 Rae8 19. Rad1 f5 20. exf5 gxf5 21. dxe5 Bxe3 22.
Qxe3 Nxe5 23. Nxe5 f4 24. Qd3 Nf5 25. Nxf5 Bxf5 26. Ng6+ Bxg6 27. Rxe7 Bxd3 28. Rxe8 Rxe8 29. Bxd3 1-0

[Event "*** SCC Grand Prix: Titled Tuesday Blitz"]
[Site "Chess.com"]
[Date "2020.08.11"]
[Round "1"]
[White "louis198"]
[Black "ethylalcohol"]
[Result "1-0"]
[WhiteElo "2576"]
[BlackElo "2211"]
[TimeControl "180+1"]
[EndTime "10:05:01 PDT"]
[Termination "louis198 won by resignation"]

1. d4 Nf6 2. c4 g6 3. Nc3 Bg7 4. e4 d6 5. Nf3 O-O 6. Be2 Nc6 7.
O-O e5 8. d5 Ne7 9. b4 a5 10.
bxa5 Rxa5 11. a4 b6 12. Ba3 Ne8 13. Bb4 Ra8 14. a5 bxa5 15. Bxa5 Bd7 16. Nd2 f5 17.
f3 Ra6 18. c5 Ra7 19. c6 Bc8 20. Nb5 Ra8 21. Nc4 Ba6 22. Ncxd6 Nxd6 23. Bxc7 Nxb5 24. Bxd8 Rfxd8 25. Rxa6 Rxa6 26. Bxb5 Ra2 27. d6 Bh6 28. Qb3+ 1-0

[Event "*** SCC Grand Prix: Titled Tuesday Blitz"]
[Site "Chess.com"]
[Date "2020.08.11"]
[Round "1"]
[White "Tactictic"]
[Black "BeanScreen"]
[Result "0-1"]
[WhiteElo "2356"]
[BlackElo "2712"]
[TimeControl "180+1"]
[EndTime "10:05:02 PDT"]
[Termination "BeanScreen won by resignation"]

1. e4 e5 2. Nf3 Nc6 3. Bc4 Nf6 4. d3 Be7 5. O-O O-O 6. Re1 d6 7. a4 Be6 8. Bxe6 fxe6 9. c3 Qe8 10. Na3 Nh5 11.
Nc4 Qg6 12. b4 a6 13. Be3 Nd8 14. Kf1 Nf7 15. b5 Nh6 16. h3 Nf4 17. Bxf4 Rxf4 18. bxa6 bxa6 19. Rb1 Raf8 20. Rb7 Bd8 21. Na5 Nf7 22. Nc6 Ng5 23. Nxd8 Nxf3 24. gxf3 Rxf3 25. Re2 Rxh3 26. Nxe6 0-1

[Event "*** SCC Grand Prix: Titled Tuesday Blitz"]
[Site "Chess.com"]
[Date "2020.08.11"]
[Round "1"]
[White "ArjunErigaisi2003"]
[Black "Casablanca"]
[Result "1-0"]
[WhiteElo "3028"]
[BlackElo "2448"]
[TimeControl "180+1"]
[EndTime "10:05:05 PDT"]
[Termination "ArjunErigaisi2003 won by resignation"]

1. c4 c5 2. Nc3 Nc6 3. Nf3 Nf6 4. g3 g6 5. Bg2 Bg7 6. O-O O-O 7. d4 cxd4 8. Nxd4 a6 9. c5 Qc7 10. Bg5 Nxd4 11. Qxd4 h6 12. Bf4 Qd8 13. Qd2 Kh7 14. Rfd1 Qa5 15. Rac1 Rd8 16. a3 Qxc5 17. Nd5 Qb5 18.
Nc7 Qb6 19. Nxa8 Qa7 20. Nc7 d6 21. Be3 b6 22. Nd5 Ng4 23. Bxb6 1-0

[Event "*** SCC Grand Prix: Titled Tuesday Blitz"]
[Site "Chess.com"]
[Date "2020.08.11"]
[Round "1"]
[White "Guenplen"]
[Black "chessablanca"]
[Result "1-0"]
[WhiteElo "2884"]
[BlackElo "2427"]
[TimeControl "180+1"]
[EndTime "10:05:05 PDT"]
[Termination "Guenplen won by resignation"]

1. d4 Nf6 2. Bf4 e6 3. e3 c5 4. c3 Nc6 5. Nd2 d5 6. Ngf3 Be7 7. Bd3 O-O 8. h4 b6 9. h5 Bb7 10. Qe2 Re8 11. Rd1 Bd6 12. Ne5 Rc8 13. Qf3 Ne7 14. g4 Qc7 15. g5 Nd7 16. g6 Nxe5 17.
dxe5 d4 18. gxf7+ Kxf7 19. Ne4 1-0

[Event "*** SCC Grand Prix: Titled Tuesday Blitz"]
[Site "Chess.com"]
[Date "2020.08.11"]
[Round "1"]
[White "GM_Levan_Pantsulaia"]
[Black "Zarikovs1999"]
[Result "1-0"]
[WhiteElo "2806"]
[BlackElo "2401"]
[TimeControl "180+1"]
[EndTime "10:05:07 PDT"]
[Termination "GM_Levan_Pantsulaia won by resignation"]

1. Nf3 Nf6 2. g3 b5 3. Bg2 Bb7 4. O-O e6 5. b3 c5 6. c4 a6 7. Nc3 b4 8. Na4 d6 9. d4 cxd4 10. Qxd4 Be7 11. Rd1 Nc6 12. Qf4 e5 13.
Qe3 O-O 14. Nxe5 Nxe5 15. Bxb7 Rb8 16. Bg2 Qc7 17. Bb2 a5 18. h3 Rfe8 19. Qd4 Nc6 20. Qf4 Rbc8 21. Rd2 Ne5 22. Rad1 Bf8 23. Qd4 Rcd8 24.
Qb6 Qe7 25. Qxa5 Nh5 26. Bxe5 dxe5 27. Rxd8 1-0

[Event "*** SCC Grand Prix: Titled Tuesday Blitz"]
[Site "Chess.com"]
[Date "2020.08.11"]
[Round "1"]
[White "PattyCastillo"]
[Black "Nafania1"]
[Result "0-1"]
[WhiteElo "1975"]
[BlackElo "2475"]
[TimeControl "180+1"]
[EndTime "10:05:09 PDT"]
[Termination "Nafania1 won by resignation"]

1. d4 Nf6 2. Nf3 e6 3. e3 b6 4.
Bd3 Bb7 5. b3 d5 6. Bb2 Bd6 7.
O-O Qe7 8. Nbd2 Nbd7 9. a4 a6 10. Ne5 O-O 11. f4 Ne4 12. Nxe4 dxe4 13. Bc4 Nf6 14.
Qe2 Nd5 15. Rad1 Bb4 16. Bxd5 exd5 17. c3 Bd6 18. c4 f6 19. Ng4 Bb4 20. Rc1 a5 21.
cxd5 Bxd5 22. Qc2 Rac8 23. Nf2 f5 24. Nd1 Qe6 25. Nc3 Bxb3 26. Qe2 Bc4 27. Qf2 Bxf1 28. Rxf1 Qb3 29. Nb5 Qxa4 30. Na7 Ra8 0-1

[Event "*** SCC Grand Prix: Titled Tuesday Blitz"]
[Site "Chess.com"]
[Date "2020.08.11"]
[Round "1"]
[White "deribas12345"]
[Black "annamaja"]
[Result "1-0"]
[WhiteElo "2598"]
[BlackElo "2243"]
[TimeControl "180+1"]
[EndTime "10:05:13 PDT"]
[Termination "deribas12345 won on time"]

1. d4 Nf6 2. c4 e6 3. Nc3 Bb4 4. f3 d5 5. a3 Bxc3+ 6. bxc3 c5 7. e3 O-O 8. Bd3 b6 9. cxd5 exd5 10. Ne2 Ba6 11. Bxa6 Nxa6 12. O-O Re8 13. g4 Qd7 14. Ra2 Nc7 15. Ng3 Nb5 16. Qd3 cxd4 17. cxd4 Rac8 18.
g5 Rc3 19. Qd2 Ng4 20. fxg4 Qc7 21. Nf5 a5 22. a4 Na7 23. Ba3 Nc8 24. Qf2 Re4 25.
h3 1-0

[Event "*** SCC Grand Prix: Titled Tuesday Blitz"]
[Site "Chess.com"]
[Date "2020.08.11"]
[Round "1"]
[White "Thipsay"]
[Black "a3aki"]
[Result "1-0"]
[WhiteElo "2493"]
[BlackElo "2048"]
[TimeControl "180+1"]
[EndTime "10:05:13 PDT"]
[Termination "Thipsay won by resignation"]

1. e4 e5 2. Nf3 Nc6 3. Bb5 a6 4. Ba4 Nf6 5. O-O Be7 6. Re1 b5 7. Bb3 O-O 8. c3 d5 9. exd5 Nxd5 10. d3 Bf6 11. Nbd2 Bg4 12. Ne4 Nb6 13. h3 Bh5 14. Be3 Re8 15. Qe2 a5 16. a3 a4 17. Ba2 Nc8 18. Rad1 Nd6 19. g4 Bg6 20. Nxf6+ Qxf6 21. Bg5 Bxd3 22. Qxd3 Qg6 23. Qxg6 hxg6 24. Bd5 Ra6 25. Bxc6 Rxc6 26. Rxe5 Rxe5 27. Nxe5 Rc5 28. Bf4 g5 29. Bg3 f6 30. Nd3 Rd5 31. f3 Nc4 32. Kf2 Kf7 33.
Ke2 c5 34. Bf2 b4 35. cxb4 cxb4 36. Nxb4 Rxd1 37. Kxd1 Nxb2+ 38. Kc1 Nc4 39. Nc2 Ke6 40. Bc5 Kd5 41. Bb4 Ne5 42. Ne1 Kc4 43. Bf8 g6 44. Be7 f5 45. Bxg5 fxg4 46. fxg4 Nc6 47. Kd2 Kb3 48.
Nc2 Ne5 49. Be7 Nf3+ 50. Kc1 Ng1 51. h4 Ne2+ 52. Kd2 Ng3 53. Nd4+ Kc4 54. Ne2 Ne4+ 55. Ke3 1-0

[Event "*** SCC Grand Prix: Titled Tuesday Blitz"]
[Site "Chess.com"]
[Date "2020.08.11"]
[Round "1"]
[White "JRenatoMaranhao"]
[Black "meoluoi91"]
[Result "0-1"]
[WhiteElo "2049"]
[BlackElo "2493"]
[TimeControl "180+1"]
[EndTime "10:05:13 PDT"]
[Termination "meoluoi91 won on time"]

1. e4 c6 2. d4 d5 3. e5 g6 4.
f4 Bg7 5. Nf3 Nh6 6. Be2 O-O 7.
O-O Qb6 8. Nc3 f6 9. a4 a5 10.
Ra3 Na6 11. Rb3 Qd8 12. h3 Nb4 13. Nb1 Bf5 14. Ne1 Qc8 15. g4 Be6 16. c3 Na6 17. Nd2 c5 18. Rb6 cxd4 19. cxd4 fxe5 20. fxe5 Nc7 0-1

[Event "*** SCC Grand Prix: Titled Tuesday Blitz"]
[Site "Chess.com"]
[Date "2020.08.11"]
[Round "1"]
[White "Twitch_ElhamBlitz05"]
[Black "Sanyura"]
[Result "1-0"]
[WhiteElo "2756"]
[BlackElo "2383"]
[TimeControl "180+1"]
[EndTime "10:05:14 PDT"]
[Termination "Twitch_ElhamBlitz05 won by resignation"]

1. e4 c5 2. Nf3 e6 3. c3 d5 4.
exd5 exd5 5. d4 Bd6 6. Bd3 Ne7 7.
O-O O-O 8. dxc5 Bxc5 9. Nbd2 a6 10. Re1 Nbc6 11. Nb3 Ba7 12. Nbd4 Qd6 13. Bg5 Ng6 14. Nxc6 Qxc6 15. h3 f6 16. Be3 Bxe3 17. Rxe3 Nf4 18. Bf1 Qb6 19. Qd2 Bf5 20. Nd4 Bd7 21. Re7 Qd6 22. Rxd7 Qxd7 23. Qxf4 Rae8 24. Rd1 Re4 25. Qd2 Rfe8 26. Bd3 R4e5 27. Bc2 Qe7 28. Nf3 Rh5 29. Re1 Qd7 30. Rxe8+ Qxe8 31. Bb3 Qe4 32. g4 Qxf3 33. gxh5 1-0

[Event "*** SCC Grand Prix: Titled Tuesday Blitz"]
[Site "Chess.com"]
[Date "2020.08.11"]
[Round "1"]
[White "carlsen1001"]
[Black "Volodar_Murzin"]
[Result "0-1"]
[WhiteElo "2340"]
[BlackElo "2688"]
[TimeControl "180+1"]
[EndTime "10:05:14 PDT"]
[Termination "Volodar_Murzin won by resignation"]

1. Nf3 d5 2. c4 c6 3. d4 Nf6 4.
Nc3 a6 5. cxd5 cxd5 6. Bf4 Nc6 7. e3 Bf5 8. h3 e6 9. Bd3 Bxd3 10. Qxd3 Bd6 11.
Bxd6 Qxd6 12. O-O O-O 13. Rac1 Rfc8 14. Na4 Rc7 15. a3 Rac8 16. Rc2 Ne4 17. Rfc1 Na5 18. Ne5 f6 19. Nf3 Nc4 20. Nc3 Nxb2 21. Rxb2 Rxc3 22. Rxc3 Rxc3 23. Qd1 Qxa3 0-1

[Event "*** SCC Grand Prix: Titled Tuesday Blitz"]
[Site "Chess.com"]
[Date "2020.08.11"]
[Round "1"]
[White "FlamingPhoenix123"]
[Black "kngopal"]
[Result "1-0"]
[WhiteElo "2536"]
[BlackElo "2178"]
[TimeControl "180+1"]
[EndTime "10:05:15 PDT"]
[Termination "FlamingPhoenix123 won by resignation"]

1. e4 e6 2. d4 d5 3. Nd2 Nf6 4. e5 Nfd7 5. Bd3 c5 6. c3 Nc6 7. Ngf3 cxd4 8. cxd4 Nb6 9. O-O Bd7 10. a3 a5 11. Re1 a4 12. Nf1 Na5 13. Bg5 Be7 14. Bxe7 Qxe7 15. Rc1 Nbc4 16. Qe2 b5 17. Rc3 g5 18.
Ne3 h5 19. Nd2 Nxd2 20. Qxd2 Nc4 21. Qe2 g4 22. f4 gxf3 23. Qxf3 Bc6 24. Bxc4 bxc4 25.
Nxc4 Kf8 26. Nd6 Be8 27. Rec1 Rh7 28. Rc8 Qa7 29. Rxa8 Qxa8 30. Rc8 1-0

[Event "*** SCC Grand Prix: Titled Tuesday Blitz"]
[Site "Chess.com"]
[Date "2020.08.11"]
[Round "1"]
[White "IANOV0007"]
[Black "TurboSteen"]
[Result "1-0"]
[WhiteElo "2476"]
[BlackElo "1990"]
[TimeControl "180+1"]
[EndTime "10:05:18 PDT"]
[Termination "IANOV0007 won by resignation"]

1. Nf3 c5 2. g3 Nc6 3. Bg2 e5 4. c4 g6 5. d3 Bg7 6. Nc3 Nge7 7.
Nd2 d6 8. Nf1 O-O 9. Ne3 f5 10.
Ned5 Be6 11. Bg5 h6 12. Bxe7 Nxe7 13. O-O Qd7 14. Rb1 f4 15. a3 Nxd5 16. Nxd5 Bh3 17. b4 Bxg2 18. Kxg2 b6 19. bxc5 dxc5 20. a4 Rae8 21.
f3 h5 22. a5 bxa5 23. Qb3 h4 24. g4 e4 25. dxe4 Bd4 26. Qb7 Qxb7 27. Rxb7 Rb8 28. Rxa7 Rb2 29. Re1 Rfb8 30. g5 Ra2 31. Ne7+ Kg7 32.
Nc6+ Kf8 33. Nxb8 1-0

[Event "*** SCC Grand Prix: Titled Tuesday Blitz"]
[Site "Chess.com"]
[Date "2020.08.11"]
[Round "1"]
[White "olksuna"]
[Black "Chuchofrio1"]
[Result "1-0"]
[WhiteElo "2636"]
[BlackElo "2287"]
[TimeControl "180+1"]
[EndTime "10:05:19 PDT"]
[Termination "olksuna won by resignation"]

1. Nf3 d5 2. g3 Nf6 3. Bg2 Bg4 4. O-O e6 5. h3 Bh5 6. d4 Be7 7. c4 c6 8. Nc3 O-O 9. Qb3 Qb6 10. Ne5 Nbd7 11.
g4 Bg6 12. g5 Nxe5 13. gxf6 Qxd4 14. fxe7 Rfe8 15. cxd5 Bf5 16. dxe6 Bxe6 17. Qa4 Nc4 18. Rd1 Qh4 19. b3 b5 20. Qb4 a5 21. Qc5 Bxh3 22. Qg5 Qxg5 23. Bxg5 Bxg2 24. Kxg2 f6 25. bxc4 fxg5 26.
cxb5 cxb5 27. Nxb5 Rxe7 28. e3 Rb8 29. a4 Re4 30.
Rd4 Re5 31. Rad1 Kf7 32. Rd7+ Ke8 33. Rxg7 1-0

[Event "*** SCC Grand Prix: Titled Tuesday Blitz"]
[Site "Chess.com"]
[Date "2020.08.11"]
[Round "1"]
[White "JesseKraai"]
[Black "DFeco"]
[Result "1-0"]
[WhiteElo "2532"]
[BlackElo "2167"]
[TimeControl "180+1"]
[EndTime "10:05:19 PDT"]
[Termination "JesseKraai won by resignation"]

1. Nf3 d5 2. c4 d4 3. g3 Nf6 4. Bg2 Nc6 5. O-O e5 6. d3 Bc5 7. b4 Bxb4 8. Nxe5 Nxe5 9. Qa4+ c6 10. Qxb4 Qe7 11. Qxe7+ Kxe7 12. Ba3+ Kd7 13. Bc5 Re8 14.
Bxd4 Kc7 15. Nc3 Bg4 16. h3 Bh5 17. g4 Bg6 18. Bxe5+ Rxe5 19. f4 Re3 20. f5 Bh5 21.
gxh5 Nxh5 22. Rf3 Rae8 23. Rxe3 Rxe3 24. Kf2 Re5 25. e4 Nf4 26. Bf1 Ra5 27. Ke3 g5 28. fxg6 Nxg6 29. Be2 f5 30. exf5 Rxf5 31. Rf1 Re5+ 32.
Kd2 Re7 33. Ne4 Ne5 34. Ke3 b6 35. d4 Nf7 36. Bd3 Ng5 37. h4 Ne6 38. d5 cxd5 39. cxd5 1-0

[Event "*** SCC Grand Prix: Titled Tuesday Blitz"]
[Site "Chess.com"]
[Date "2020.08.11"]
[Round "1"]
[White "Chesswizard_2007"]
[Black "HouseOfDurin"]
[Result "1-0"]
[WhiteElo "2497"]
[BlackElo "2082"]
[TimeControl "180+1"]
[EndTime "10:05:19 PDT"]
[Termination "Chesswizard_2007 won by checkmate"]

1. Nf3 c5 2. c3 Nc6 3. d4 cxd4 4. cxd4 d5 5. Nc3 g6 6. h4 Bg7 7. h5 Bg4 8. h6 Bf6 9. Be3 Bxf3 10. exf3 Qb6 11.
Bb5 e6 12. O-O Ne7 13. Qd3 O-O 14. Na4 Qd8 15. Nc5 a6 16. Nxb7 Qb6 17. Bxc6 Nxc6 18.
Nc5 Ra7 19. b3 Nb4 20. Qd2 Rc8 21. Rfc1 Rac7 22. Bg5 Bh8 23. Bf4 e5 24. Na4 Rxc1+ 25. Rxc1 Rxc1+ 26. Qxc1 Qb7 27. Bxe5 Nd3 28. Qg5 Bxe5 29.
Qd8# 1-0

[Event "*** SCC Grand Prix: Titled Tuesday Blitz"]
[Site "Chess.com"]
[Date "2020.08.11"]
[Round "1"]
[White "Schandenfreude"]
[Black "Panterov"]
[Result "0-1"]
[WhiteElo "2544"]
[BlackElo "2215"]
[TimeControl "180+1"]
[EndTime "10:05:22 PDT"]
[Termination "Panterov won by resignation"]

1. d4 d5 2. Bf4 c6 3. e3 Bf5 4. c4 e6 5. Nc3 Nf6 6. Nf3 Nbd7 7. h3 Bb4 8. Qb3 Qa5 9. a3 Bxc3+ 10. bxc3 O-O 11. Be2 Ne4 12. Rc1 dxc4 13. Qxc4 Qxa3 14.
O-O Nb6 15. Qb4 Qxb4 16. cxb4 Nd5 17. b5 Nxf4 18. exf4 cxb5 19. Rc7 b4 20. Rxb7 Rfb8 21. Ba6 Rxb7 22. Bxb7 Rb8 23. Ba6 Rb6 24. Rc1 Nc3 25.
Bc4 Rc6 26. Ne5 Rxc4 0-1

[Event "*** SCC Grand Prix: Titled Tuesday Blitz"]
[Site "Chess.com"]
[Date "2020.08.11"]
[Round "1"]
[White "Natalya_Buksa"]
[Black "Sultanasharminshirin"]
[Result "1-0"]
[WhiteElo "2484"]
[BlackElo "2017"]
[TimeControl "180+1"]
[EndTime "10:05:22 PDT"]
[Termination "Natalya_Buksa won on time"]

1. d4 d5 2. Nc3 Nf6 3. Bf4 c6 4. e3 Bf5 5. Nf3 e6 6. Ne5 Nbd7 7. g4 Bg6 8. h4 h6 9. Nxg6 fxg6 10. Bd3 Kf7 11.
Qf3 Bb4 12. O-O-O Bxc3 13. bxc3 Qa5 14. g5 hxg5 15. hxg5 Rxh1 16. Rxh1 Qxc3 17. gxf6 Nxf6 18. Be5 Rf8 19. Qg3 Qa1+ 20. Kd2 Qxh1 21. Qxg6+ Kg8 22.
Bxf6 Rxf6 23. Qe8+ Rf8 24. Qxe6+ Kh8 25. f4 Qh2+ 26. Kc3 Qh6 27. Qe7 Qf6 28. Qxb7 1-0

[Event "*** SCC Grand Prix: Titled Tuesday Blitz"]
[Site "Chess.com"]
[Date "2020.08.11"]
[Round "1"]
[White "Anton_Demchenko"]
[Black "onnoelgersma"]
[Result "1-0"]
[WhiteElo "2824"]
[BlackElo "2404"]
[TimeControl "180+1"]
[EndTime "10:05:25 PDT"]
[Termination "Anton_Demchenko won on time"]

1. e4 c6 2. Nf3 d5 3. d3 g6 4.
Nbd2 Bg7 5. g3 e5 6. Bg2 Ne7 7. O-O O-O 8. c3 Bg4 9. h3 Bxf3 10. Nxf3 Nd7 11. Re1 Qc7 12. b4 a5 13. a4 f5 14. Qb3 h6 15. Ba3 Rae8 16. bxa5 Kh7 17. Rab1 dxe4 18. dxe4 fxe4 19. Nd2 e3 20. Rxe3 Nf5 21.
Ree1 Rg8 22. Qxb7 Rc8 23. a6 Nf6 24. Ne4 Nxe4 25. Bxe4 1-0

[Event "*** SCC Grand Prix: Titled Tuesday Blitz"]
[Site "Chess.com"]
[Date "2020.08.11"]
[Round "1"]
[White "Enriquack"]
[Black "Anuar_Is"]
[Result "0-1"]
[WhiteElo "2340"]
[BlackElo "2680"]
[TimeControl "180+1"]
[EndTime "10:05:26 PDT"]
[Termination "Anuar_Is won by resignation"]

1. e4 c5 2. Nf3 Nc6 3. Bb5 g6 4. O-O Bg7 5. d3 Nf6 6. Nc3 O-O 7.
Bd2 d6 8. h3 e5 9. a3 Nh5 10. b4 h6 11. Bxc6 bxc6 12. bxc5 dxc5 13. Na4 c4 14. Bb4 Re8 15. dxc4 Ba6 16. Qe2 Nf4 17. Qe3 Bxc4 18. Rfd1 Qf6 19. Nc5 Rad8 20. Nb7 Rxd1+ 21. Rxd1 g5 22. Rd6 Re6 23. Kh2 h5 24. g3 g4 25.
gxf4 gxf3 26. f5 Rxd6 27. Nxd6 Be2 28. Ne8 Qh4 29. Bc3 Bh6 0-1

[Event "*** SCC Grand Prix: Titled Tuesday Blitz"]
[Site "Chess.com"]
[Date "2020.08.11"]
[Round "1"]
[White "pandamaster3000"]
[Black "Gabix_94"]
[Result "0-1"]
[WhiteElo "2414"]
[BlackElo "2847"]
[TimeControl "180+1"]
[EndTime "10:05:30 PDT"]
[Termination "Gabix_94 won by resignation"]

1. e4 c5 2. Nf3 d6 3. Bb5+ Nd7 4. O-O a6 5. Bxd7+ Bxd7 6. d4 cxd4 7. Qxd4 e5 8. Qd3 h6 9. c4 Nf6 10. Nc3 Rc8 11. a4 Be7 12. b3 O-O 13. Rd1 Bc6 14.
Bb2 Nh5 15. Nd5 Bxd5 16. Qxd5 Qb6 17. Qd3 Nf4 18. Qe3 Qc7 19. Rac1 b6 20. g3 Ne6 21. Kg2 Qb7 22. Qe2 f5 23. Nd2 Bg5 24. Rc2 Nc5 25. Kg1 Bxd2 26. Rcxd2 Nxe4 27. Rd5 Rce8 28. f3 Ng5 29. Kg2 Nf7 30. Ba3 f4 31. Bxd6 Nxd6 32.
Rxd6 e4 33. fxe4 Rxe4 34. Qf3 Re2+ 0-1